 Dungeon Crawl Stone Soup version 0.26.1-10-gdfb7c7de75 (webtiles) character file.

Game seed: 6366710687329081849

228 H0rd4k the Charlatan (level 6, -2/44 HPs)
             Began as a Human Artificer on Apr 7, 2021.
             Slain by a gnoll
             ... wielding a +0 flail
              (12 damage)
             ... on level 4 of the Dungeon.
             The game lasted 00:04:17 (4679 turns).

H0rd4k the Charlatan (Human Artificer)              Turns: 4679, Time: 00:04:17

Health: -2/44      AC:  3    Str: 15    XL:     6   Next: 22%
Magic:  15/15      EV: 12    Int: 11    God:
Gold:   166        SH:  0    Dex: 13    Spells: 5/5 levels left

rFire    . . .     SeeInvis .   h - +1 dagger (venom)
rCold    . . .     Faith    +   (no shield)
rNeg     + . .     Spirit   .   b - +0 leather armour
rPois    .         Reflect  .   (no helmet)
rElec    .         Harm     .   (no cloak)
rCorr    .         Rampage  .   (no gloves)
Will     .....                  (no boots)
Stlth    ++........             j - amulet of faith
HPRegen  0.14/turn              a - ring of positive energy
MPRegen  0.14/turn              l - ring of magical power

@: no status effects
A: no striking features
a: no special abilities


You were on level 4 of the Dungeon.
You visited 1 branch of the dungeon, and saw 4 of its levels.

You collected 166 gold pieces.

Inventory:

Hand Weapons
 h - a +1 dagger of venom (weapon)
Missiles
 n - 6 atropa-tipped darts
Armour
 b - a +0 leather armour (worn)
Jewellery
 a - a ring of positive energy (left hand)
 j - an amulet of faith (around neck)
 k - an uncursed ring of protection from fire
 l - a ring of magical power (right hand)
Wands
 d - a wand of enslavement (12)
 e - a wand of random effects (40)
Scrolls
 c - a scroll of fear {unknown}
 f - 2 scrolls of enchant armour {unknown}
 g - 2 scrolls of identify {unknown}
 m - a scroll of remove curse
 q - a scroll of amnesia {unknown}
 r - 2 scrolls of teleportation {unknown}
Potions
 i - a potion of cancellation {unknown}
 p - a potion of magic {unknown}
 s - a potion of ambrosia {unknown}


   Skills:
 + Level 1.8 Fighting
 + Level 2.5 Short Blades
 + Level 3.1 Armour
 + Level 2.0 Dodging
 + Level 2.3 Stealth
 + Level 4.0 Evocations


You had 5 spell levels left.
You didn't know any spells.
Your spell library was empty.

Dungeon Overview and Level Annotations

Branches:
Dungeon (4/15)
 Temple: D:4-7

Altars:
Ashenzari
Dithmenos
Elyvilon
Hepliaklqana
Kikubaaqudgha
Makhleb
Qazlal


Message History

The gnoll shaman calls upon its god to heal the gnoll.
The gnoll is healed somewhat.
A jackal comes into view.
You barely miss the gnoll.
The gnoll is moderately wounded.
The gnoll hits you with a +0 flail.
You barely miss the gnoll.
The gnoll is moderately wounded.
The gnoll hits you with a +0 flail.
A gnoll comes into view.
The jackal barks!
You hit the gnoll but do no damage.
The gnoll looks as sick as possible!
The gnoll is severely wounded.
You hear a shout!
The gnoll hits you with a +0 flail.
* * * LOW HITPOINT WARNING * * *
You hit the gnoll but do no damage.
The gnoll looks as sick as possible!
The gnoll is severely wounded.
The gnoll hits you with a +0 flail!
You die...

...#. #...(..#
........
......#####......###
.......o
......g†...........##
#......l
...#.######........>.
......## #.......#..
......## #..........
#...#... #......h##.
#...#### ###...#....
#.. #@### #.. ..
...#######g# .
#...s.<.sg#
##.#####.g#
#.......g..#
...#######...#


gg... .... #### You could see a gnoll shaman, a scorpion, 3 gnolls and a jackal.

Vanquished Creatures
  An orc wizard (D:3)
  Jessica (D:3)
  2 worker ants
  5 gnolls (D:4)
  3 adders (D:2)
  3 worms
  2 dart slugs (D:2)
  A leopard gecko (D:3)
  4 orcs
  A giant cockroach (D:2)
  3 goblins
  2 hobgoblins (D:2)
  A quokka (D:3)
  3 bats
  4 frilled lizards
  4 kobolds
  A quokka skeleton (D:3)
  5 rats
46 creatures vanquished.

Notes
Turn   | Place    | Note
-------+----------+-------------------------------------------
     0 | D:1      | H0rd4k the Human Artificer began the quest for the Orb.
     0 | D:1      | Reached XP level 1. HP: 15/15 MP: 1/1
   773 | D:1      | Reached XP level 2. HP: 19/21 MP: 2/2
  1238 | D:2      | Reached XP level 3. HP: 5/26 MP: 3/3
  1320 | D:2      | Found a broken altar of Ashenzari.
  1322 | D:2      | Found a hazy altar of Hepliaklqana.
  1325 | D:2      | Found a white marble altar of Elyvilon.
  1630 | D:2      | Found a burning altar of Makhleb.
  2036 | D:2      | Found an ancient bone altar of Kikubaaqudgha.
  2113 | D:2      | Reached XP level 4. HP: 17/32 MP: 4/4
  2606 | D:3      | Reached skill level 1 in Short Blades
  3362 | D:3      | Found a shadowy altar of Dithmenos.
  3480 | D:3      | Reached XP level 5. HP: 37/37 MP: 5/5
  3676 | D:3      | Found a stormy altar of Qazlal.
  3752 | D:3      | Noticed Jessica
  3780 | D:3      | Killed Jessica
  4387 | D:4      | Reached XP level 6. HP: 16/44 MP: 6/6
  4670 | D:4      | Reached skill level 4 in Evocations
  4679 | D:4      | Slain by a gnoll

Illustrated notes

Levels and vault maps discovered:
D:1:      matt_arrival_refuge, layout_loops_corners, minmay_misc_feat_pillars,
          solitary_fountain, st_stairs_12
D:2:      layout_basic, lemuel_round_altar, nicolae_overflow_crystal_walls,
          grunt_temple_overflow_open
D:3:      layout_basic, nicolae_qazlal_eye_of_the_storm, marbit_many_paths,
          uniq_jessica
D:4:      layout_rooms, eat_drink_and_be_merry_uskayaw, vehumet_crystals,
          general_overflow_altar, minmay_temple_entry_proselytizer, uniq_edmund,
          uniq_robin

Skill      XL: |  1  2  3  4  5  6 |
---------------+-------------------+-----
Short Blades   | 1 2 |  2.5
Armour         | 3 |  3.1
Stealth        | 2 |  2.3
Evocations     | 4 |  4.0
Dodging        | 2 |  2.0
Fighting       | |  1.8

Action                   |  1- 3 |  4- 6 || total
-------------------------+-------+-------++-------
Melee: Club              |    24 |       ||    24
       Short sword       |    47 |    89 ||   136
       Dagger            |       |    34 ||    34
Evoke: Wand              |    15 |     7 ||    22
  Use: Potion            |     2 |     1 ||     3
       Scroll            |       |     2 ||     2
 Stab: Sleeping          |     2 |       ||     2
       Paralysed         |       |     3 ||     3
Armor: Leather armour    |    28 |    14 ||    42
Dodge: Dodged            |    35 |    74 ||   109
